 Dungeon Crawl Stone Soup version 0.21.1-1-g345015fe64 (webtiles) character file.

2293 MasterOak the Shield-Bearer (level 9, -3/77 HPs)
             Began as a Hill Orc Fighter on July 10, 2018.
             Killed from afar by an electric eel (10 damage)
             ... with a bolt of electricity
             ... on level 6 of the Dungeon.
             The game lasted 00:39:37 (6958 turns).

MasterOak the Shield-Bearer (Hill Orc Fighter)      Turns: 6958, Time: 00:39:37

Health: -3/77      AC: 13    Str: 22    XL:     9   Next: 40%
Magic:  9/9        EV: 10    Int:  8    God:
Gold:   330        SH: 12    Dex: 14    Spells: 8/8 levels left

rFire    . . .     SeeInvis .   l - +4 dagger (elec)
rCold    + + .     Gourm    .   c - +1 shield
rNeg     . . .     Faith    .   b - +0 scale mail
rPois    .         Spirit   .   q - +2 helmet of the Prince {*Contam rC++ rCorr Stlth+}
rElec    .         Reflect  .   (no cloak)
rCorr    +         Harm     .   y - +0 pair of gloves
MR       .....                  (no boots)
Stlth    ++........             I - amulet of regeneration
HPRegen  0.62/turn              x - +4 ring of dexterity
MPRegen  0.11/turn              j - ring of resist corrosion

@: no status effects
A: claws 1, rugged brown scales 1
a: no special abilities


You were on level 6 of the Dungeon.
You were not hungry.

You visited 1 branch of the dungeon, and saw 6 of its levels.

You collected 330 gold pieces.

Inventory:

Hand Weapons
 a - a +0 long sword
 l - a +4 dagger of electrocution (weapon)
 m - a +2 dagger of venom
 p - a +0 short sword
 v - a +2 short sword of protection
 w - a cursed -2 dagger
 A - a +0 scythe
 K - a +0 shortbow
 P - a +0 hunting sling
Missiles
 e - 325 stones (quivered)
 g - 21 poisoned needles
 i - 7 curare-tipped needles
 s - 6 needles of sleeping
 t - 50 arrows
 D - 41 sling bullets
Armour
 b - a +0 scale mail (worn)
 c - a +1 shield (worn)
 q - the +2 helmet of the Prince (worn) {*Contam rC++ rCorr Stlth+}
   (You took it off Robin on level 1 of the Dungeon)

   It greatly protects you from cold.
   It causes magical contamination when unequipped.
   It protects you from acid and corrosion.
   It makes you more stealthy.
 y - a +0 pair of gloves (worn)
 z - a +0 helmet
 C - a +0 chain mail
 H - a +0 chain mail
Jewellery
 j - a ring of resist corrosion (right hand)
 x - a +4 ring of dexterity (left hand)
 I - an amulet of regeneration (around neck)
 J - an uncursed ring of protection from cold {unknown}
Wands
 G - a wand of paralysis (13)
Scrolls
 h - a scroll of teleportation
 n - 4 scrolls of enchant weapon
 o - 4 scrolls of identify
 u - 2 scrolls of enchant armour
 B - a scroll of remove curse
 F - a scroll of noise
Potions
 d - 2 potions of might
 k - 2 potions of curing
 r - 4 potions of haste
 E - a potion of berserk rage
 L - a potion of flight {unknown}
Comestibles
 f - 3 rations
 M - 2 chunks of flesh


   Skills:
 + Level 5.7 Fighting
 + Level 6.5(6.8) Short Blades
 + Level 2.7(5.3) Long Blades
 + Level 1.9 Slings
 + Level 6.8 Armour
 + Level 2.7 Dodging
 + Level 2.0 Stealth
 + Level 7.1 Shields


You had 8 spell levels left.
You didn't know any spells.

Dungeon Overview and Level Annotations

Branches:
Dungeon (6/15)
 Temple: D:4-7

Altars:
Qazlal


Innate Abilities, Weirdness & Mutations

You have sharp fingernails.
You are partially covered in rugged brown scales. (AC +1, +3% HP)


Message History

Your shield prevents you from hitting the electric eel.
The electric eel is moderately wounded.
You completely miss the electric eel.
The electric eel is moderately wounded.
You barely miss the electric eel.
The electric eel is moderately wounded.
The electric eel shoots out a bolt of lightning at you!
The bolt of electricity hits you! x2
* * * LOW HITPOINT WARNING * * *
The bolt of electricity hits the electric eel.
The electric eel completely resists.
The electric eel shoots out a bolt of lightning at you!
The bolt of electricity hits you!
* * * LOW HITPOINT WARNING * * *
The electric eel shoots out a bolt of lightning at you!
The bolt of electricity hits the plant.
The bolt of electricity hits you!
* * * LOW HITPOINT WARNING * * *
The electric eel shoots out a bolt of lightning at you!
The bolt of electricity hits you!
You die...

♣≈≈≈.≈≈♣ #.# ♣≈P≈.≈P♣
#.### ♣♣≈≈P.≈;♣♣#...
≈≈P♣♣♣≈≈P≈.P♣≈..$.
≈≈P≈≈≈P≈≈≈.≈♣.##.#
≈≈≈≈≈≈≈≈≈;?≈#.##.#
.....[o........).#
≈P≈≈≈≈≈≈≈≈....##.#
P≈P≈≈≈≈≈≈≈P≈♣#@##.#
≈≈P≈≈≈≈≈≈≈P≈♣#.##.#######
PP≈≈≈≈≈≈P≈♣##...........
♣≈P≈≈≈≈≈≈P###.##.#######
#♣♣♣♣≈P≈≈P♣).†.....#
#.♣♣♣≈≈≈≈♣......####
##...♣♣♣≈P###)####
......♣♣≈.# #)#
..........###)####


You could see 2 electric eels and an orc.

Vanquished Creatures
  A hippogriff (D:6)
  Grinder (D:5)
  Sigmund (D:4)
  An ice beast (D:5)
  2 sky beasts (D:6)
  An orc warrior (D:6)
  2 ogres
  A centaur (D:6)
  3 scorpions
  A water moccasin skeleton (D:4)
  A howler monkey (D:6)
  2 crimson imps (D:5)
  A jelly (D:6)
  6 orc wizards
  4 orc priests (D:6)
  A hound (D:6)
  Terence (D:2)
  2 iguanas
  2 worker ants
  Ijyb (D:5)
  A killer bee zombie (D:5)
  A howler monkey zombie (D:6)
  2 worker ant zombies (D:5)
  Robin (D:1)
  6 gnolls
  5 adders
  2 shadow imps (D:6)
  An adder skeleton (D:5)
  2 worms
  4 dart slugs
  12 leopard geckos
  24 orcs
  3 giant cockroaches
  17 goblins
  10 hobgoblins
  4 jackals (D:2)
  5 quokkas
  13 bats
  10 frilled lizards
  A jackal skeleton (D:6)
  18 kobolds
  7 rats
  3 bushes (D:1)
  4 plants (D:1)
191 creatures vanquished.

Vanquished Creatures (others)
  An orc (D:6)
  3 plants (D:6)
4 creatures vanquished.

Grand Total: 195 creatures vanquished

Notes
Turn   | Place    | Note
-------+----------+-------------------------------------------
     0 | D:1      | MasterOak the Hill Orc Fighter began the quest for the Orb.
     0 | D:1      | Reached XP level 1. HP: 19/19 MP: 1/1
    60 | D:1      | Reached XP level 2. HP: 24/27 MP: 2/2
   455 | D:1      | Reached XP level 3. HP: 33/33 MP: 3/3
  1420 | D:2      | Noticed Robin
  1547 | D:1      | Reached skill level 4 in Shields
  1552 | D:1      | Reached XP level 4. HP: 37/40 MP: 4/4
  1555 | D:1      | Killed Robin
  1557 | D:1      | Got a heavily runed helmet
  1563 | D:1      | Identified the +2 helmet of the Prince {*Contam rC++ rCorr Stlth+} (You took it off Robin on level 1 of the Dungeon)
  1906 | D:2      | Noticed Terence
  1918 | D:2      | Killed Terence
  2037 | D:2      | Reached XP level 5. HP: 45/46 MP: 5/5
  2123 | D:2      | Reached skill level 1 in Dodging
  2295 | D:2      | Reached skill level 1 in Short Blades
  2704 | D:2      | Gained mutation: You are partially covered in rugged brown scales. (AC +1, +3% HP) [potion of mutation]
  2704 | D:2      | Gained mutation: You have sharp fingernails. [potion of mutation]
  3819 | D:4      | Noticed Sigmund
  3879 | D:4      | Killed Sigmund
  3879 | D:4      | Reached skill level 5 in Shields
  3879 | D:4      | Reached XP level 6. HP: 37/53 MP: 6/6
  4045 | D:4      | Reached skill level 1 in Slings
  4049 | D:4      | Reached XP level 7. HP: 48/61 MP: 7/7
  4151 | D:4      | Found a stormy altar of Qazlal.
  5098 | D:5      | Entered Level 5 of the Dungeon
  5200 | D:5      | Reached skill level 6 in Shields
  5318 | D:5      | Reached skill level 5 in Armour
  5318 | D:5      | Reached skill level 1 in Stealth
  5343 | D:5      | Noticed Grinder
  5355 | D:5      | Killed Grinder
  5355 | D:5      | Reached XP level 8. HP: 61/69 MP: 8/8
  5440 | D:5      | Reached skill level 5 in Fighting
  5458 | D:5      | Noticed Ijyb
  5466 | D:5      | Paralysed by Ijyb for 4 turns
  5476 | D:5      | Killed Ijyb
  6426 | D:6      | Reached skill level 5 in Short Blades
  6565 | D:6      | Reached XP level 9. HP: 54/76 MP: 9/9
  6803 | D:6      | Reached skill level 7 in Shields
  6958 | D:6      | Killed from afar by an electric eel

Skill      XL: |  1  2  3  4  5  6  7  8  9 |
---------------+----------------------------+-----
Fighting       | 4 5 |  5.7
Shields        | 4 5 6 7 |  7.1
Armour         | 4 5 6 |  6.8
Dodging        | 1 2 |  2.7
Short Blades   | 2 3 5 6 |  6.5
Slings         | 1 |  1.9
Stealth        | 1 2 |  2.0
Long Blades    | |  2.7

Action                   |  1- 3 |  4- 6 |  7- 9 || total
-------------------------+-------+-------+-------++-------
Melee: Long sword        |    36 |       |       ||    36
       Dagger            |   236 |   157 |   304 ||   697
 Fire: Hunting sling     |       |     9 |       ||     9
Throw: Stone             |       |       |     2 ||     2
  Use: Scroll            |       |     7 |     1 ||     8
       Potion            |       |     6 |     4 ||    10
 Stab: Sleeping          |       |       |     1 ||     1
  Eat: Chunk             |     1 |     6 |     3 ||    10
       Ration            |     1 |       |     2 ||     3
Armor: Scale mail        |    53 |    54 |    77 ||   184
Dodge: Dodged            |    45 |    54 |    50 ||   149
Block: Shield            |    68 |    79 |    91 ||   238
       Rpst.: Long sword |     7 |       |       ||     7
